 Dungeon Sprint DCSS version 0.25-a0-589-g1e14c549ee (webtiles) character file.

Game seed: 8505275447836943850, levelgen mode: deterministic

3500000 Conn the Infernalist (level 24, -7/204 HPs)
             Began as an Octopode Fire Elementalist on Mar 9, 2020.
             Was the Champion of Makhleb.
             Mangled by a meat berserker
             ... wielding a +9 battleaxe
              (70 damage)
             ... in the Dungeon (Sprint VIII: "Arena of Blood").
             The game lasted 00:11:42 (35 turns).

Conn the Infernalist (Octopode Fire Elementalist)     Turns: 35, Time: 00:11:42

Health: -7/204     AC:  1    Str: 15    XL:     24   Next: 14%
Magic:  6/54       EV: 34    Int: 17    God:    Makhleb [******]
Gold:   0          SH:  0    Dex: 16    Spells: 76/77 levels left

rFire    . . .     SeeInvis .   a - +∞ Axe of Woe
rCold    . . .     Gourm    .   (shield currently unavailable)
rNeg     . . .     Faith    .   (helmet restricted)
rPois    .         Spirit   .   (no amulet)
rElec    .         Reflect  .   e - +30 ring of slaying
rCorr    .         Harm     .   (no ring)
MR       +....     NoTele   +   (no ring)
Stlth    ++++++++++             (no ring)
HPRegen  0.44/turn              (no ring)
MPRegen  0.34/turn              (no ring)
                                (no ring)
                                (no ring)

@: berserk cooldown, very slightly contaminated, hasted and slowed
A: almost no armour, stealthy swim, amphibious, 8 rings, constrict 8, camouflage
1, gelatinous body 1
a: Minor Destruction, Lesser Servant of Makhleb, Major Destruction, Greater
Servant of Makhleb, Renounce Religion


You were in the Dungeon.
You worshipped Makhleb.
Makhleb was exalted by your worship.
You were not hungry.

You visited 1 branch

Inventory:

Hand Weapons
 a - the +∞ Axe of Woe (weapon)
   (You found it in the Dungeon)
Jewellery
 e - a +30 ring of slaying (left tentacle)
 g - a +30 ring of slaying
 h - a +30 ring of slaying
 i - a +30 ring of slaying
 j - a +30 ring of slaying
Potions
 c - a potion of curing
 d - a potion of heal wounds
 f - 2 potions of magic
Comestibles
 b - a ration


   Skills:
 O Level 27 Fighting
 O Level 27 Axes
 O Level 27 Throwing
 O Level 27 Dodging
 O Level 27 Stealth
 O Level 27 Unarmed Combat
 O Level 27 Spellcasting
 O Level 27 Conjurations
 O Level 27 Fire Magic
 O Level 27 Invocations


You had 76 spell levels left.
You knew the following spells:

 Your Spells              Type           Power        Failure   Level  Hunger
a - Foxfire               Conj/Fire      ####         0%          1    None

Your spell library contained the following spells:

 Spells                   Type           Power        Failure   Level  Hunger
 Conjure Flame            Conj/Fire      #######.     0%          3    None
 Sticky Flame             Conj/Fire      #######.     0%          4    None
 Fireball                 Conj/Fire      #######...   0%          5    None
 Inner Flame              Hex/Fire       ######..     1%          3    None


Dungeon Overview and Level Annotations

Branches:
Dungeon (1/1)

Altars:
Makhleb


Innate Abilities, Weirdness & Mutations

You cannot wear most types of armour.
You are very stealthy in the water. (Stealth+)
You are amphibious.
You can wear up to eight rings at the same time.
You can use your tentacles to constrict eight enemies at once.
Your skin changes colour to match your surroundings (Stealth+).
Your rubbery body absorbs attacks. (AC +1, EV +1)


Message History

The large bag of meat hits you with a +9 giant spiked club!!!
You hear a shout! x2
Items here: )))) ==== ††††
g - a +30 ring of slaying;
h - a +30 ring of slaying;
i - a +30 ring of slaying
j - a +30 ring of slaying You hear a shout! x4
The eight-headed meat hydra calls on the powers of darkness!
The eight-headed meat hydra convulses!
The bag of meat convulses! x2
The meat berserker convulses!
Your body is wracked with pain!
The bag of meat convulses!
The large bag of meat convulses!
Flame seeps out of the large bag of meat.
The bag of meat convulses!
The large bag of meat convulses!
Flame seeps out of the large bag of meat.
The large bag of meat is engulfed in blazing flames.
You hear a shout! x2
The bag of meat closely misses you.
The bag of meat is engulfed in blazing flames.
The meat berserker is engulfed in blazing flames.
The meat berserker hits you with a +9 battleaxe!!!
You die...

...## ###. ...... .
.....
###.....##.##.....
...................
#..........#.#.%...
#.......D..........
#........o..o.....
..#.....§§O@.......
......o☼§§oO.......
......)))§O........
.....#.○§....#....
.... #)......# ...
. .###.O....O###..
......###.......
....._......
...#...§.#...


You could see an eight-headed meat hydra, 3 large bags of meat, 2 meat
berserkers and 4 bags of meat.

Vanquished Creatures
  A vampire knight (D)
  33 orcs (D)
  5 ogres (D)
  2 two-headed ogres (D)
41 creatures vanquished.

Vanquished Creatures (others)
  4 foxfires (D)
4 creatures vanquished.

Grand Total: 45 creatures vanquished

Notes
Turn   | Place    | Note
-------+----------+-------------------------------------------
     0 | D        | Found the +∞ Axe of Woe
     0 | D        | Conn the Octopode Fire Elementalist began the quest for the
                  | Orb.
     0 | D        | Reached XP level 1. HP: 11/11 MP: 3/3
     1 | D        | Noticed a bag of meat
     2 | D        | Became a worshipper of Makhleb the Destroyer
     3 | D        | Noticed a bag of meat
     3 | D        | Noticed a bag of meat
     3 | D        | Noticed a bag of meat
     4 | D        | Noticed a bag of meat
     7 | D        | Noticed a meat berserker
     9 | D        | Noticed a meat berserker
     9 | D        | Noticed a bag of meat
    10 | D        | Noticed a bag of meat
    11 | D        | Noticed a large bag of meat
    11 | D        | Noticed a bag of meat
    11 | D        | Noticed a bag of meat
    11 | D        | Noticed a bag of meat
    11 | D        | Noticed a bag of meat
    11 | D        | Noticed a bag of meat
    11 | D        | Noticed a bag of meat
    12 | D        | Noticed a bag of meat
    12 | D        | Noticed a meat berserker
    12 | D        | Noticed a bag of meat
    13 | D        | Noticed a bag of meat
    14 | D        | Killed a meat berserker
    14 | D        | Reached skill level 15 in Fighting
    14 | D        | Reached skill level 15 in Axes
    14 | D        | Reached skill level 15 in Conjurations
    14 | D        | Reached XP level 2. HP: 39/39 MP: 1/21
    14 | D        | Reached XP level 3. HP: 45/45 MP: 1/22
    14 | D        | Reached XP level 4. HP: 51/51 MP: 1/24
    14 | D        | Reached XP level 5. HP: 56/56 MP: 1/25
    14 | D        | Reached XP level 6. HP: 63/63 MP: 1/27
    14 | D        | Reached XP level 7. HP: 68/68 MP: 1/28
    14 | D        | Reached XP level 8. HP: 74/74 MP: 1/30
    14 | D        | Reached XP level 9. HP: 80/80 MP: 1/31
    14 | D        | Reached XP level 10. HP: 87/87 MP: 1/32
    14 | D        | Reached XP level 11. HP: 92/92 MP: 1/33
    14 | D        | Reached XP level 12. HP: 99/99 MP: 1/34
    14 | D        | Reached XP level 13. HP: 104/104 MP: 1/35
    14 | D        | Killed a bag of meat
    14 | D        | Reached * piety under Makhleb
    14 | D        | Reached XP level 14. HP: 113/113 MP: 1/37
    15 | D        | Killed a bag of meat
    15 | D        | Noticed a bag of meat
    16 | D        | Killed a meat berserker
    16 | D        | Reached XP level 15. HP: 123/123 MP: 2/40
    16 | D        | Reached ** piety under Makhleb
    16 | D        | Reached XP level 16. HP: 131/131 MP: 2/41
    17 | D        | Killed a meat berserker
    17 | D        | Reached XP level 17. HP: 137/137 MP: 2/44
    17 | D        | Reached *** piety under Makhleb
    18 | D        | Reached skill level 27 in Fire Magic
    18 | D        | Reached XP level 18. HP: 145/145 MP: 2/46
    19 | D        | Reached **** piety under Makhleb
    21 | D        | Reached skill level 27 in Spellcasting
    21 | D        | Reached XP level 19. HP: 153/153 MP: 3/50
    21 | D        | Reached ***** piety under Makhleb
    22 | D        | Noticed a large bag of meat
    23 | D        | Noticed a meat berserker
    25 | D        | Killed a large bag of meat
    25 | D        | Reached skill level 27 in Dodging
    25 | D        | Reached skill level 27 in Conjurations
    25 | D        | Reached XP level 20. HP: 162/162 MP: 3/51
    25 | D        | Reached skill level 27 in Invocations
    25 | D        | Noticed a destroyer
    26 | D        | Noticed a large bag of meat
    26 | D        | Noticed a large bag of meat
    27 | D        | Noticed a meat berserker
    28 | D        | Noticed a meat berserker
    29 | D        | Reached ****** piety under Makhleb
    29 | D        | Reached skill level 27 in Fighting
    29 | D        | Reached XP level 21. HP: 183/183 MP: 4/52
    29 | D        | Reached skill level 27 in Axes
    29 | D        | Noticed an eight-headed meat hydra
    30 | D        | Killed a meat berserker
    30 | D        | Reached XP level 22. HP: 190/190 MP: 5/53
    30 | D        | Reached skill level 27 in Throwing
    30 | D        | Reached skill level 27 in Stealth
    30 | D        | Noticed a large bag of meat
    31 | D        | Killed a destroyer
    31 | D        | Reached XP level 23. HP: 197/197 MP: 5/54
    31 | D        | Reached skill level 27 in Unarmed Combat
    33 | D        | Reached XP level 24. HP: 204/204 MP: 5/54
    33 | D        | Killed a large bag of meat
    35 | D        | Mangled by a meat berserker

Levels and vault maps discovered:
D:        meatsprint

Skill      XL: |  1  2  3  4  5  6  7  8  9 10 11 12 13 14 15 16 17 18 19 20 21 22 23 |
---------------+----------------------------------------------------------------------+-----
Fighting       | 15 16 18 19 20 21 27 | 27.0
Axes           | 15 17 18 19 22 27 | 27.0
Spellcasting   | 18 19 21 23 24 27 | 27.0
Conjurations   | 15 17 18 19 20 22 27 | 27.0
Fire Magic     | 17 19 24 27 | 27.0
Dodging        | 13 18 23 27 | 27.0
Invocations    | 11 21 27 | 27.0
Throwing       | 25 27 | 27.0
Stealth        | 27 | 27.0
Unarmed Combat | 24 27 | 27.0

Action                   |  1- 3 |  4- 6 |  7- 9 | 10-12 | 13-15 | 16-18 | 19-21 | 22-24 || total
-------------------------+-------+-------+-------+-------+-------+-------+-------+-------++-------
Melee: Executioner's axe |     1 |       |       |       |     2 |     5 |     4 |     3 ||    15
 Cast: Foxfire           |     2 |       |       |       |       |       |       |       ||     2
  Use: Potion            |     2 |       |       |       |       |       |       |       ||     2
       Scroll            |     1 |       |       |       |       |       |       |       ||     1
Dodge: Dodged            |       |       |       |       |       |       |     6 |     1 ||     7

Table legend:
 A = Non-vault XP
 B = Vault XP
 C = Vault XP percentage of total XP
 D = Non-vault monster count
 E = Vault monster count
 F = Vault count percentage of total count
                 A         B        C        D         E       F
            +---------+---------+-------+---------+---------+-------
      Total |  296434 |  552744 |  65.1 |      11 |      30 |  73.2
            +---------+---------+-------+---------+---------+-------
          D |  296434 |  552744 |  65.1 |      11 |      30 |  73.2
            +---------+---------+-------+---------+---------+-------
